[Event "WSTCC-50 2024"]
[Site "Krakow"]
[Date "2024.07.06"]
[Round "5.12"]
[White "Jhunjhnuwala, Suresh"]
[Black "Wielosz, Jaroslaw"]
[Result "1-0"]
[ECO "C45"]
[WhiteElo "1888"]
[BlackElo "1920"]
[Annotator "NA RC"]
[PlyCount "73"]
[EventDate "2024.07.01"]
[EventType "team-tourn"]
[EventCountry "POL"]
[SourceTitle "playchess.com"]
[Source "ChessBase"]
[SourceQuality "1"]
[TimeControl "40/5400+30:1800+30"]

1. e4 e5 2. Nf3 Nc6 3. d4 exd4 4. Nxd4 Nf6 5. Nxc6 bxc6 6. e5 Qe7 7. Qe2 Nd5 8. h4 a5 9. c4 Ba6 10. Rh3 a4 11. Qe4 Qb4+ 12. Nd2 Nb6 13. b3 a3 14. Be2 Bb7 15. Kf1 Be7 16. Nf3 Qc3 17. Rb1 d5 18. exd6 cxd6 19. Nd4 Qa5 20. Re3 Qe5 21. Nf5 Qxe4 22. Rxe4 Nc8 23. Bf4 Kd8 24. Nxe7 Nxe7 25. Bxd6 Nf5 26. Bc5 Kc7 27. g4 Nxh4 28. Re7+ Kb8 29. Rd1 Ng6 30. Rxf7 Ra5 31. Bb6 Ra6 32. c5 Nh4 33. Rdd7 Bc8 34. Rde7 Ng6 35. Rc7 Ne5 36. Rxg7 Rf8 37. Rxc8+ 1-0

[Event "WSTCC-50 2024"]
[Site "Krakow"]
[Date "2024.07.06"]
[Round "5.13"]
[White "Oratovsky, Michael"]
[Black "Mrva, Martin"]
[Result "1/2-1/2"]
[ECO "C50"]
[WhiteElo "2417"]
[BlackElo "2361"]
[Annotator "TA"]
[PlyCount "45"]
[EventDate "2024.07.01"]
[EventType "team-tourn"]
[EventCountry "POL"]
[SourceTitle "playchess.com"]
[Source "ChessBase"]
[SourceQuality "1"]
[TimeControl "40/5400+30:1800+30"]

1. e4 e5 2. Nf3 Nc6 3. Bc4 Nf6 4. d3 Bc5 5. c3 d6 6. Nbd2 a5 7. Nf1 Be6 {[%emt 0:00:53] White must now prevent ...Bxc4.} 8. Bb5 O-O {[%emt 0:00:23] The position is equal.} 9. Ng3 d5 10. Qe2 Na7 11. Ba4 b5 12. exd5 Nxd5 13. Bc2 Nf4 14. Bxf4 exf4 15. Ne4 {[%emt 0:00:46] Excellent horsemanship.} Be7 16. O-O c5 17. Bb3 (17. Rad1 $14) 17... Bg4 $11 18. a4 b4 19. Rfe1 Nc6 20. Ned2 Bf6 21. Qe4 bxc3 22. bxc3 Qd7 23. Rac1 {[%emt 0:03:20] Weighted Error Value: White=0.07 (flawless) /Black=0.05 (flawless) .  Mistake:       	White=1     	---        OK:         	White=11    	Black=8      Best:        	White=1     	Black=1} 1/2-1/2

[Event "WSTCC-50 2024"]
[Site "Krakow"]
[Date "2024.07.06"]
[Round "5.13"]
[White "Osiecki, Stanislaw"]
[Black "Dahl, Fredrik A"]
[Result "0-1"]
[ECO "B22"]
[WhiteElo "1986"]
[BlackElo "2237"]
[Annotator "RC"]
[PlyCount "108"]
[EventDate "2024.07.01"]
[EventType "team-tourn"]
[EventCountry "POL"]
[SourceTitle "playchess.com"]
[Source "ChessBase"]
[SourceQuality "1"]
[TimeControl "40/5400+30:1800+30"]

1. e4 c5 2. c3 Nf6 3. e5 Nd5 4. d4 cxd4 5. Nf3 e6 6. cxd4 d6 7. a3 Bd7 8. Bd3 Bc6 9. O-O Nd7 10. Re1 dxe5 11. dxe5 g6 12. Bd2 Bg7 13. Nc3 O-O 14. Nxd5 Bxd5 15. Bb4 Re8 16. Bd6 Rc8 17. Be4 Nb6 18. Bxd5 Nxd5 19. Qd2 Qd7 20. Rac1 Nb6 21. Rxc8 Rxc8 22. Rd1 Qc6 23. h3 Nd5 24. Nd4 Qc4 25. Kh1 h5 26. b3 Qc3 27. Qxc3 Rxc3 28. a4 a6 29. Rd2 Nf4 30. Ne2 Nxe2 31. Rxe2 Bf8 32. Bxf8 Kxf8 33. Rb2 Ke7 34. b4 Rc4 35. g3 g5 36. f3 Kd7 37. Kg2 Kc6 38. Kf2 b5 39. axb5+ Kxb5 40. Rd2 Kxb4 41. Rd7 a5 42. Rxf7 a4 43. Rb7+ Kc3 44. f4 gxf4 45. g4 hxg4 46. hxg4 a3 47. Kf3 a2 48. Ra7 Kb3 49. Rxa2 Kxa2 50. g5 Kb3 51. g6 Kc3 52. g7 Rc8 53. Kxf4 Kd4 54. Kg5 Kxe5 0-1

[Event "WSTCC-50 2024"]
[Site "Krakow"]
[Date "2024.07.06"]
[Round "5.13"]
[White "Kirby, Peter J."]
[Black "Hulme, William"]
[Result "1/2-1/2"]
[ECO "E06"]
[WhiteElo "1984"]
[BlackElo "1941"]
[Annotator "NA RC"]
[PlyCount "40"]
[EventDate "2024.07.01"]
[EventType "team-tourn"]
[EventCountry "POL"]
[SourceTitle "playchess.com"]
[Source "ChessBase"]
[SourceQuality "1"]
[TimeControl "40/5400+30:1800+30"]

1. Nf3 d5 2. d4 Nf6 3. c4 e6 4. g3 Be7 5. Bg2 O-O 6. O-O dxc4 7. Qa4 c6 8. Qxc4 b5 9. Qc2 Bb7 10. Nbd2 Qb6 11. a4 a6 12. Nb3 Nbd7 13. Bd2 Rac8 14. Ba5 Qa7 15. Qd3 c5 16. dxc5 Nxc5 17. Nxc5 Qxc5 18. axb5 Qxb5 19. Qxb5 axb5 20. Rfc1 Bd5 1/2-1/2

[Event "WSTCC-50 2024"]
[Site "Krakow"]
[Date "2024.07.06"]
[Round "5.14"]
[White "Motuz, Karol"]
[Black "Kaspi, Alexander"]
[Result "1/2-1/2"]
[ECO "E14"]
[WhiteElo "2293"]
[BlackElo "2365"]
[Annotator "TA"]
[PlyCount "58"]
[EventDate "2024.07.01"]
[EventType "team-tourn"]
[EventCountry "POL"]
[SourceTitle "playchess.com"]
[Source "ChessBase"]
[SourceQuality "1"]
[TimeControl "40/5400+30:1800+30"]

1. d4 Nf6 2. c4 e6 3. Nf3 b6 4. e3 Bb7 5. Bd3 d5 6. cxd5 exd5 7. O-O Bd6 8. Nc3 O-O 9. b3 a6 10. Bb2 Nbd7 11. Qc2 Qe7 12. Rac1 Ne4 13. Ne2 {[%emt 0:03:07][%cal Of3e5] The position is equal.} Rac8 14. Rfe1 f5 15. Ng3 Rf7 16. Qe2 Ra8 17. Qc2 g5 18. Nf1 (18. Qe2 $11) 18... g4 $17 19. N3d2 Qh4 20. Ng3 h5 21. f4 Nxg3 22. hxg3 Qf6 23. Kf2 Kh7 $2 {[%emt 0:00:27] [#]} (23... Re8 $15 {keeps the upper hand.}) 24. Rh1 $2 (24. e4 $1 $18 {[%cal Re4e5] e5 would now be deadly.} dxe4 25. Nxe4 fxe4 26. Bxe4+ Bxe4 27. Qxe4+ Kg7 28. Qxa8) 24... Kg6 $11 25. Rce1 ({White should try} 25. e4 $11 dxe4 26. Nxe4 Bxe4 27. Bxe4) 25... Re8 $15 26. Qc1 Qe7 27. Qc2 Qe6 28. Qc1 Qe7 29. Qc2 {[%emt 0:00:01][%cal Od2f3] [#]} Qe6 {[%emt 0:04:00] Weighted Error Value: White=0.21 (precise) /Black=0.27 (precise) .  Loses game:     	---       	Black=1      Missed win:     	White=1     	---        Mistake:       	White=2     	Black=1      Inaccurate:     	---       	Black=1      OK:         	White=4     	Black=8      Best:        	White=2     	---} (29... a5 $1 $17) 1/2-1/2

[Event "WSTCC-50 2024"]
[Site "Krakow"]
[Date "2024.07.06"]
[Round "5.14"]
[White "Kirkebo, Carl Peter"]
[Black "Sielicki, Tomasz"]
[Result "1-0"]
[ECO "A21"]
[WhiteElo "2160"]
[BlackElo "2017"]
[Annotator "RC"]
[PlyCount "95"]
[EventDate "2024.07.01"]
[EventType "team-tourn"]
[EventCountry "POL"]
[SourceTitle "playchess.com"]
[Source "ChessBase"]
[SourceQuality "1"]
[TimeControl "40/5400+30:1800+30"]

1. c4 e5 2. Nc3 d6 3. d4 Be7 4. Nf3 Nc6 5. d5 Nb8 6. e4 Na6 7. b4 Bd7 8. Rb1 Qc8 9. c5 dxc5 10. b5 Nb8 11. Nxe5 Bf6 12. f4 a6 13. bxa6 Nxa6 14. Qb3 Bxe5 15. fxe5 b6 16. Bg5 h6 17. Bh4 Ne7 18. Bxe7 Kxe7 19. d6+ Kf8 20. Bc4 Be6 21. O-O Kg8 22. Nd5 Kh7 23. Ne7 Qd7 24. Rxf7 Bxf7 25. Bxf7 Rhf8 26. Bg6+ Kh8 27. Bf5 Rxf5 28. exf5 cxd6 29. Qf7 Qe8 30. Ng6+ Kh7 31. Qxe8 Rxe8 32. Rxb6 Nb4 33. Rxd6 Nxa2 34. Rc6 Nc3 35. Rxc5 Ne2+ 36. Kf2 Nd4 37. g4 h5 38. Ke3 Ne6 39. Rc6 Nf8 40. gxh5 Nd7 41. Kf4 Nb8 42. Rd6 Rc8 43. e6 Nc6 44. Kg5 Nd8 45. Rd7 Nxe6+ 46. fxe6 Rc5+ 47. Kg4 Rc4+ 48. Nf4 1-0

[Event "WSTCC-50 2024"]
[Site "Krakow"]
[Date "2024.07.06"]
[Round "5.14"]
[White "Dawson, Alastair"]
[Black "Rowe, Peter"]
[Result "1/2-1/2"]
[ECO "A05"]
[WhiteElo "1850"]
[BlackElo "1960"]
[Annotator "NA RC"]
[PlyCount "39"]
[EventDate "2024.07.01"]
[EventType "team-tourn"]
[EventCountry "POL"]
[SourceTitle "playchess.com"]
[Source "ChessBase"]
[SourceQuality "1"]
[TimeControl "40/5400+30:1800+30"]

1. Nf3 Nf6 2. c4 d6 3. Nc3 e5 4. e4 Be7 5. h3 Nbd7 6. d4 exd4 7. Nxd4 Nc5 8. Qc2 a5 9. Be2 O-O 10. O-O Re8 11. f4 Bf8 12. Bf3 Nfd7 13. Be3 Nb6 14. b3 c6 15. Rfe1 Qc7 16. Rad1 g6 17. Bf2 Ne6 18. Nxe6 Bxe6 19. f5 Bc8 20. g4 1/2-1/2

[Event "WSTCC-50 2024"]
[Site "Krakow"]
[Date "2024.07.06"]
[Round "5.15"]
[White "Fleish, Felix"]
[Black "Briestensky, Rastislav"]
[Result "1-0"]
[ECO "B09"]
[WhiteElo "2161"]
[BlackElo "2274"]
[Annotator "TA"]
[PlyCount "101"]
[EventDate "2024.07.01"]
[EventType "team-tourn"]
[EventCountry "POL"]
[SourceTitle "playchess.com"]
[Source "ChessBase"]
[SourceQuality "1"]
[TimeControl "40/5400+30:1800+30"]

1. e4 d6 2. d4 Nf6 3. Nc3 g6 4. f4 c6 5. Nf3 Bg7 6. e5 Nd5 7. Nxd5 cxd5 8. Bd3 Nc6 {[%emt 0:01:46] White is slightly better.} 9. c3 O-O 10. O-O dxe5 11. Nxe5 Nxe5 12. fxe5 f5 13. exf6 exf6 14. Bf4 Be6 15. Qb3 Rf7 (15... Qd7 $1 $14) 16. Rae1 $16 Re7 17. Be2 {[%emt 0:09:11] White is much more active.} (17. Qb4 $1 $16) 17... Bf7 $14 18. Bf3 Rxe1 19. Rxe1 Qd7 20. h3 Bf8 21. a4 h5 22. Qb5 Rd8 23. Qxd7 Rxd7 24. h4 Be7 25. g3 a6 26. Kf2 Kf8 27. Bb8 Be8 (27... b5 $11) 28. Ba7 $16 {[%emt 0:02:11] Black is on the road to losing.} Kf7 (28... Bf7 $14) 29. Bb6 Kf8 30. a5 Bf7 31. b4 Bd6 32. Bc5 Rd8 33. Re3 Rd7 34. Ke1 Rd8 35. Kd2 Rd7 36. Kc2 g5 37. hxg5 fxg5 38. Re5 $1 g4 39. Bg2 (39. Bxd5 Bxc5 40. Bxf7 Bxd4 41. cxd4 Rxf7 $14) 39... Kg7 40. Bxd6 Rxd6 $18 {[%emt 0:00:05][%mdl 4096] Endgame. [#] KRB-KRB} 41. Re7 $1 Kf8 (41... Re6 {was worth a try.} 42. Rxe6 (42. Rxb7 $2 Re2+ 43. Kb3 Rxg2 $19) 42... Bxe6) 42. Rxb7 Rf6 43. Kb3 h4 44. gxh4 g3 (44... Re6 $142 45. b5 (45. Bxd5 g3 $18) 45... axb5 46. Bxd5 g3) 45. b5 Be8 46. b6 {[%emt 0:00:00][%cal Ob7b8] Black must now prevent Rb8!} Rf2 {[%emt 0:00:00] [#]} 47. Rb8 $1 Rxg2 {[%emt 0:00:00] [#]} (47... Re2 48. b7) 48. Rxe8+ $1 Kxe8 49. b7 Rg1 50. b8=Q+ (50. b8=B {gets mated.} Rb1+ 51. Kc2 Rxb8 52. c4 g2 (52... dxc4 {leads to mate.} 53. Kd2 g2 54. Ke3 g1=Q+ 55. Kf4 Qxd4+ 56. Kf3 Rb3+ 57. Ke2 Qd3+ 58. Ke1 Qc2 59. h5 Rb1#) 53. cxd5 g1=Q (53... g1=R 54. h5 Rg3 55. h6 Kd7 56. d6 Kxd6 57. h7 Kd5 58. Kd2 Rb2+ 59. Kc1 Rh2 60. Kd1 Rg1#) 54. Kd3 Qg6+ 55. Ke3 Rb3+ 56. Kf4 Qh5 57. Ke4 Rf3 58. d6 Qf5#) 50... Kd7 51. Qb7+ {[%emt 0:00:00] Weighted Error Value: White=0.08 (flawless) /Black=0.33.  Mistake:       	White=1     	Black=5      Inaccurate:     	White=1     	Black=4      OK:         	White=17    	Black=16     Best:        	White=3     	---        Strong:       	White=2     	---} 1-0

[Event "WSTCC-50 2024"]
[Site "Krakow"]
[Date "2024.07.06"]
[Round "5.15"]
[White "Flis, Pawel"]
[Black "Berg, Anders Hoyer"]
[Result "1/2-1/2"]
[ECO "C24"]
[WhiteElo "1980"]
[BlackElo "2079"]
[Annotator "NA RC"]
[PlyCount "36"]
[EventDate "2024.07.01"]
[EventType "team-tourn"]
[EventCountry "POL"]
[SourceTitle "playchess.com"]
[Source "ChessBase"]
[SourceQuality "1"]
[TimeControl "40/5400+30:1800+30"]

1. e4 e5 2. Bc4 Nf6 3. d3 c6 4. Nf3 d5 5. exd5 cxd5 6. Bb3 Bb4+ 7. Bd2 Bxd2+ 8. Nbxd2 Nc6 9. O-O O-O 10. h3 Bf5 11. Re1 Re8 12. Nf1 h6 13. Ng3 Bh7 14. c3 Qb6 15. d4 e4 16. Nh2 Na5 17. Nhf1 Rad8 18. Ne3 Kh8 1/2-1/2

[Event "WSTCC-50 2024"]
[Site "Krakow"]
[Date "2024.07.06"]
[Round "5.15"]
[White "Brookfield, Toby"]
[Black "Aird, Ian"]
[Result "0-1"]
[ECO "C31"]
[WhiteElo "1894"]
[BlackElo "1840"]
[Annotator "NA RC"]
[PlyCount "56"]
[EventDate "2024.07.01"]
[EventType "team-tourn"]
[EventCountry "POL"]
[SourceTitle "playchess.com"]
[Source "ChessBase"]
[SourceQuality "1"]
[TimeControl "40/5400+30:1800+30"]

1. e4 e5 2. f4 d5 3. exd5 exf4 4. Bc4 Nf6 5. Nc3 Bd6 6. Nf3 O-O 7. O-O Bg4 8. d4 Nbd7 9. Qd3 a6 10. a4 Re8 11. a5 Qe7 12. Bd2 h6 13. Rae1 Qf8 14. Ne2 g5 15. c3 Bh5 16. Bc1 Bg6 17. Qd1 Ng4 18. Bd3 Ne3 19. Bxe3 Rxe3 20. Bxg6 fxg6 21. Qb3 Rae8 22. Qc2 Kg7 23. h4 Qe7 24. h5 gxh5 25. Nc1 g4 26. Ne5 Nxe5 27. Rxe3 fxe3 28. dxe5 Qxe5 0-1

[Event "WSTCC-50 2024"]
[Site "Krakow"]
[Date "2024.07.06"]
[Round "5.16"]
[White "Kantorik, Marian"]
[Black "Linik, Yaron"]
[Result "1/2-1/2"]
[ECO "B08"]
[WhiteElo "2198"]
[BlackElo "1910"]
[Annotator "RC"]
[PlyCount "137"]
[EventDate "2024.07.01"]
[EventType "team-tourn"]
[EventCountry "POL"]
[SourceTitle "playchess.com"]
[Source "ChessBase"]
[SourceQuality "1"]
[TimeControl "40/5400+30:1800+30"]

1. d4 Nf6 2. Nf3 g6 3. Nc3 Bg7 4. e4 d6 5. Be2 O-O 6. h3 c6 7. Be3 b5 8. e5 dxe5 9. dxe5 Nd5 10. Nxd5 cxd5 11. O-O Nc6 12. Bxb5 Nxe5 13. Nxe5 Bxe5 14. Bh6 Bxb2 15. Rb1 Bg7 16. Bxg7 Kxg7 17. Bc6 Ba6 18. Bxa8 Bxf1 19. Bxd5 Ba6 20. Qd4+ Kg8 21. Qxa7 Qxd5 22. Qxa6 Ra8 23. Qe2 Qxa2 24. Rb7 Ra7 25. Rb8+ Kg7 26. Qe5+ f6 27. Qc5 Qa1+ 28. Kh2 Qe5+ 29. Qxe5 fxe5 30. Rc8 Kf6 31. Kg3 h5 32. Kf3 Ke6 33. h4 Ra3+ 34. Ke2 Kd5 35. Rg8 Rc3 36. Kd2 Rc6 37. Rg7 Rf6 38. f3 Re6 39. Ke3 e4 40. c4+ Kxc4 41. fxe4 Kc5 42. Rg8 Rf6 43. Rd8 e6 44. g3 Kc6 45. e5 Rf1 46. Rd6+ Kc5 47. Rxe6 Kd5 48. Rxg6 Kxe5 49. Rh6 Rf5 50. Ra6 Kd5 51. Rh6 Ke5 52. Rh8 Kd5 53. Rc8 Ke5 54. Rd8 Ke6 55. Ke4 Re5+ 56. Kd4 Rf5 57. Re8+ Kf6 58. Ke4 Ra5 59. Rf8+ Ke6 60. Kf4 Rd5 61. Rg8 Rf5+ 62. Ke4 Re5+ 63. Kd4 Rd5+ 64. Kc4 Rf5 65. Rg6+ Kf7 66. Rd6 Rf3 67. Rd3 Rxd3 68. Kxd3 Kf6 69. Ke4 1/2-1/2

[Event "WSTCC-50 2024"]
[Site "Krakow"]
[Date "2024.07.06"]
[Round "5.16"]
[White "Johnsen, Sylvia"]
[Black "Zielinski, Olgierd"]
[Result "0-1"]
[ECO "B26"]
[WhiteElo "1878"]
[BlackElo "1913"]
[Annotator "NA RC"]
[PlyCount "136"]
[EventDate "2024.07.01"]
[EventType "team-tourn"]
[EventCountry "POL"]
[SourceTitle "playchess.com"]
[Source "ChessBase"]
[SourceQuality "1"]
[TimeControl "40/5400+30:1800+30"]

1. e4 c5 2. Nc3 Nc6 3. g3 g6 4. Bg2 Bg7 5. d3 d6 6. Be3 Nf6 7. h3 Rb8 8. Qd2 h6 9. Nge2 b5 10. f4 e5 11. f5 g5 12. g4 Nd4 13. Ng3 b4 14. Nd5 Bb7 15. c3 Bxd5 16. exd5 bxc3 17. bxc3 Nb5 18. O-O Qa5 19. Rab1 Ke7 20. Rb3 Nc7 21. Rfb1 Rb6 22. Rxb6 axb6 23. c4 Qxd2 24. Bxd2 Nd7 25. Rb3 Ra8 26. a3 Ra6 27. Ne4 f6 28. Bf3 Bf8 29. Kf2 Na8 30. Bd1 Nc7 31. Kg3 Na8 32. h4 Bg7 33. Nc3 Nc7 34. Bc1 Bf8 35. Rb1 Kd8 36. Ba4 Na8 37. Bc6 Kc8 38. a4 Be7 39. Bd2 Kd8 40. hxg5 hxg5 41. Rh1 Nf8 42. Rh8 Nc7 43. Ne4 Ne8 44. Bxg5 fxg5 45. Nxg5 Bxg5 46. Rxf8 Ke7 47. Rxe8+ Kf7 48. Rb8 Ra7 49. Rxb6 Kf6 50. Rb2 Bf4+ 51. Kf3 Rh7 52. Rb5 Rh3+ 53. Kf2 Rxd3 54. Rb7 e4 55. Be8 Rd2+ 56. Ke1 Ra2 57. Rf7+ Ke5 58. Rb7 e3 59. Re7+ Kd4 60. f6 Bg3+ 61. Kf1 Rf2+ 62. Kg1 Bh2+ 63. Kh1 Be5 64. Kg1 Rxf6 65. g5 Rf5 66. Bd7 e2 67. Bxf5 e1=Q+ 68. Kg2 Qe2+ 0-1

[Event "WSTCC-50 2024"]
[Site "Krakow"]
[Date "2024.07.06"]
[Round "5.16"]
[White "Heatlie, Douglas S"]
[Black "Morgan, Jamie"]
[Result "1-0"]
[ECO "A46"]
[WhiteElo "1834"]
[BlackElo "1843"]
[Annotator "NA RC"]
[PlyCount "93"]
[EventDate "2024.07.01"]
[EventType "team-tourn"]
[EventCountry "POL"]
[SourceTitle "playchess.com"]
[Source "ChessBase"]
[SourceQuality "1"]
[TimeControl "40/5400+30:1800+30"]

1. d4 Nf6 2. Nf3 c5 3. c3 Qc7 4. Bg5 Ne4 5. Bh4 d5 6. Nbd2 Bf5 7. Nxe4 dxe4 8. Ne5 e6 9. Qa4+ Nc6 10. Nxc6 Qxc6 11. Qxc6+ bxc6 12. e3 cxd4 13. exd4 Rb8 14. b4 Bd6 15. Bg3 Kd7 16. Be2 f6 17. Kd2 h6 18. Ke3 Bh7 19. Bxd6 Kxd6 20. Rhb1 Rhd8 21. a4 f5 22. f4 g5 23. Rf1 e5 24. dxe5+ Ke7 25. g3 Rd7 26. Rfd1 Rbd8 27. Rxd7+ Rxd7 28. Rd1 Bg8 29. Rxd7+ Kxd7 30. Kd4 Bb3 31. a5 Ba4 32. c4 Bc2 33. h3 Ba4 34. b5 cxb5 35. cxb5 Bc2 36. Bc4 Kc7 37. e6 Kd6 38. Bd5 Bd3 39. b6 axb6 40. axb6 Bb5 41. b7 Kc7 42. fxg5 hxg5 43. h4 gxh4 44. gxh4 Be8 45. Ke3 Bh5 46. Kf4 Kb8 47. Bc6 1-0

[Event "WSTCC-50 2024"]
[Site "Krakow"]
[Date "2024.07.06"]
[Round "5.17"]
[White "Homer, Stephen J"]
[Black "Skibbe, Diana"]
[Result "0-1"]
[ECO "E91"]
[WhiteElo "2019"]
[BlackElo "1942"]
[Annotator "ChessBase"]
[PlyCount "108"]
[EventDate "2024.07.01"]
[EventType "team-tourn"]
[EventCountry "POL"]
[SourceTitle "playchess.com"]
[Source "ChessBase"]
[SourceQuality "1"]
[TimeControl "40/5400+30:1800+30"]

1. d4 Nf6 2. c4 g6 3. Nc3 d6 4. e4 Bg7 5. Nf3 O-O 6. Be2 c6 7. O-O Nfd7 8. Re1 Na6 9. b3 c5 10. Bb2 cxd4 11. Nxd4 Ndc5 12. Bf1 Nb4 13. Nd5 Nc6 14. Nxc6 bxc6 15. Bxg7 Kxg7 16. Nc3 f6 17. Qd2 a5 18. Re3 Be6 19. f4 f5 20. Qd4+ Kg8 21. e5 Bf7 22. Rh3 Ne6 23. Qf2 dxe5 24. Rd1 Qc7 25. Qh4 h5 26. fxe5 Rfd8 27. Rhd3 Rxd3 28. Rxd3 Nc5 29. Re3 Rd8 30. Qg3 Ne6 31. Rd3 f4 32. Rxd8+ Qxd8 33. Qd3 Qb8 34. Qe4 Qb4 35. Nd1 Qd2 36. Qe2 Qd4+ 37. Kh1 Nc5 38. Nf2 Be6 39. Qc2 Bf5 40. Qe2 Kg7 41. h3 e6 42. Kh2 Ne4 43. Nxe4 Bxe4 44. Kh1 Qxe5 45. Qd2 Kh6 46. Be2 Qf5 47. Qc3 e5 48. c5 Bd5 49. Kh2 Qe4 50. Bf3 Qe3 51. Qxa5 Bxf3 52. Qd8 Bd5 53. Qf8+ Kg5 54. h4+ Kxh4 0-1

[Event "WSTCC-50 2024"]
[Site "Krakow"]
[Date "2024.07.06"]
[Round "5.17"]
[White "Bouah, Lyndon"]
[Black "Westphal, Wolfgang"]
[Result "1/2-1/2"]
[ECO "E44"]
[WhiteElo "1996"]
[BlackElo "2172"]
[Annotator "RC"]
[PlyCount "84"]
[EventDate "2024.07.01"]
[EventType "team-tourn"]
[EventCountry "POL"]
[SourceTitle "playchess.com"]
[Source "ChessBase"]
[SourceQuality "1"]
[TimeControl "40/5400+30:1800+30"]

1. d4 Nf6 2. c4 e6 3. Nc3 Bb4 4. e3 b6 5. Nge2 Bb7 6. a3 Bxc3+ 7. Nxc3 O-O 8. Bd3 d6 9. O-O Nbd7 10. e4 e5 11. d5 h6 12. b4 a5 13. Rb1 Re8 14. g3 Nf8 15. Qe2 Bc8 16. f4 Bh3 17. Rf2 Ng4 18. Rf3 axb4 19. axb4 Nd7 20. Qe1 f5 21. Bf1 Bxf1 22. Qxf1 fxe4 23. Nxe4 Ra2 24. Bb2 exf4 25. Rxf4 Nge5 26. Nc3 Ra8 27. Nb5 Re7 28. Nd4 Nf8 29. Nf5 Rd7 30. Bxe5 dxe5 31. Rg4 h5 32. Re4 Qf6 33. Qh3 Rf7 34. Rf1 Re8 35. Qxh5 Qg6 36. Qh3 Nh7 37. Qg4 Qxg4 38. Rxg4 Kh8 39. Rg6 Ref8 40. Ne3 Rxf1+ 41. Nxf1 Nf6 42. Rg5 b5 1/2-1/2

[Event "WSTCC-50 2024"]
[Site "Krakow"]
[Date "2024.07.06"]
[Round "5.18"]
[White "Dettmann, Gerd"]
[Black "Bhawoodien, Shabir Hussain"]
[Result "0-1"]
[ECO "B99"]
[WhiteElo "2121"]
[BlackElo "1990"]
[Annotator "RC"]
[PlyCount "84"]
[EventDate "2024.07.01"]
[EventType "team-tourn"]
[EventCountry "POL"]
[SourceTitle "playchess.com"]
[Source "ChessBase"]
[SourceQuality "1"]
[TimeControl "40/5400+30:1800+30"]

1. Nf3 c5 2. e4 d6 3. d4 cxd4 4. Nxd4 Nf6 5. Nc3 a6 6. Bg5 e6 7. f4 Be7 8. Qf3 Qc7 9. O-O-O Nbd7 10. g4 h6 11. Bh4 g5 12. fxg5 Ne5 13. Qg3 Nfxg4 14. g6 fxg6 15. h3 g5 16. hxg4 gxh4 17. Qg2 Rg8 18. Nf3 Rxg4 19. Qe2 Nxf3 20. Qxf3 Bg5+ 21. Kb1 Rf4 22. Qh5+ Qf7 23. Qxf7+ Rxf7 24. Rxd6 Be7 25. Rb6 Bc5 26. Rb3 b5 27. Bh3 Ke7 28. a3 Bb7 29. Bf1 Rg8 30. Bd3 Rg1+ 31. Rxg1 Bxg1 32. Ne2 Bf2 33. c4 h3 34. Bc2 h2 35. Rh3 Bg1 36. Rxh6 Rf2 37. Ng3 Bc6 38. cxb5 axb5 39. e5 Rg2 40. Be4 Bxe4+ 41. Nxe4 Bd4 42. Rh7+ Kd8 0-1

[Event "WSTCC-50 2024"]
[Site "Krakow"]
[Date "2024.07.06"]
[Round "5.18"]
[White "Wolf, Sylvia"]
[Black "Rasalingam, Haran"]
[Result "0-1"]
[ECO "C02"]
[WhiteElo "1992"]
[BlackElo "1944"]
[Annotator "NA RC"]
[PlyCount "80"]
[EventDate "2024.07.01"]
[EventType "team-tourn"]
[EventCountry "POL"]
[SourceTitle "playchess.com"]
[Source "ChessBase"]
[SourceQuality "1"]
[TimeControl "40/5400+30:1800+30"]

1. e4 e6 2. d4 d5 3. e5 b6 4. Nf3 Qd7 5. Bd3 Ba6 6. O-O Ne7 7. c3 Nf5 8. a3 c5 9. b4 Bxd3 10. Qxd3 c4 11. Qc2 h6 12. Be3 g5 13. h3 Nc6 14. Nbd2 O-O-O 15. Nh2 Be7 16. g4 Nh4 17. Nhf3 Ng6 18. Kg2 Rdf8 19. Nh2 f5 20. f3 Nh4+ 21. Kg1 h5 22. Bf2 Ng6 23. Be3 Rh6 24. f4 hxg4 25. hxg4 Rfh8 26. Ndf3 gxf4 27. Bc1 Bh4 28. Nxh4 Rxh4 29. Rf2 Qg7 30. gxf5 Ngxe5+ 31. Kf1 Nd3 32. Rg2 Qh7 33. Nf3 Rh1+ 34. Rg1 Qxf5 35. Qg2 Qh3 36. Bd2 Ne7 37. Qxh3 R8xh3 38. Kg2 Rxg1+ 39. Rxg1 Rg3+ 40. Kh2 Rxf3 0-1

[Event "WSTCC-50 2024"]
[Site "Krakow"]
[Date "2024.07.06"]
[Round "5.19"]
[White "Wilson, Edgar"]
[Black "Mai, Iris"]
[Result "0-1"]
[ECO "A11"]
[WhiteElo "1912"]
[BlackElo "1972"]
[Annotator "RC"]
[PlyCount "124"]
[EventDate "2024.07.01"]
[EventType "team-tourn"]
[EventCountry "POL"]
[SourceTitle "playchess.com"]
[Source "ChessBase"]
[SourceQuality "1"]
[TimeControl "40/5400+30:1800+30"]

1. e4 a6 2. c4 e6 3. Nc3 c5 4. Nf3 Qc7 5. d4 cxd4 6. Nxd4 Nf6 7. Be2 Bb4 8. f3 O-O 9. O-O Bxc3 10. bxc3 d6 11. Bg5 Nbd7 12. Bd3 h6 13. Bd2 Ne5 14. Qe2 Nxd3 15. Qxd3 e5 16. Nc2 Be6 17. Ne3 Rac8 18. Rfb1 Bxc4 19. Nxc4 Qxc4 20. Qxc4 Rxc4 21. Rxb7 d5 22. exd5 Nxd5 23. Rc1 Rfc8 24. Rb3 R8c6 25. Kf2 f5 26. g3 Kh7 27. Ke2 g5 28. Kf2 Kg6 29. Ke2 g4 30. Kf2 gxf3 31. Kxf3 Nf6 32. Be1 e4+ 33. Ke2 Ng4 34. h3 Ne5 35. Bd2 Nf3 36. Be3 h5 37. Rb8 h4 38. gxh4 Rc8 39. Rxc8 Rxc8 40. c4 Kh5 41. c5 Rc6 42. Bf4 Nxh4 43. Bd6 Nf3 44. Ke3 Kg6 45. Rb1 Kf7 46. Rb6 Rc8 47. Rxa6 Ke6 48. Rb6 Kd5 49. Rb2 Ne5 50. Rf2 Ke6 51. Kd4 Nc6+ 52. Kc4 Rh8 53. Rh2 Ne5+ 54. Bxe5 Kxe5 55. Kc3 f4 56. Kd2 e3+ 57. Ke2 Ke4 58. h4 f3+ 59. Ke1 f2+ 60. Kf1 Rb8 61. Ke2 Rb2+ 62. Kf1 Rb1+ 0-1

[Event "WSTCC-50 2024"]
[Site "Krakow"]
[Date "2024.07.06"]
[Round "5.19"]
[White "Metcalfe, Allister"]
[Black "Moritz, Hartmut"]
[Result "0-1"]
[ECO "A25"]
[WhiteElo "1889"]
[BlackElo "2002"]
[Annotator "NA RC"]
[PlyCount "62"]
[EventDate "2024.07.01"]
[EventType "team-tourn"]
[EventCountry "POL"]
[SourceTitle "playchess.com"]
[Source "ChessBase"]
[SourceQuality "1"]
[TimeControl "40/5400+30:1800+30"]

1. c4 e5 2. Nc3 Nc6 3. g3 Bc5 4. Bg2 Nf6 5. e3 O-O 6. Nge2 Re8 7. d3 d6 8. O-O a6 9. a3 a5 10. Rb1 Bf5 11. h3 h6 12. Kh2 Qc8 13. Nd5 Nxd5 14. cxd5 Ne7 15. e4 Bh7 16. Be3 Bxe3 17. fxe3 Qd7 18. Rc1 c6 19. Qa4 Reb8 20. dxc6 bxc6 21. Qc4 Qe6 22. Qxe6 fxe6 23. Rc2 Rb3 24. Nc1 Rb5 25. h4 d5 26. Bh3 dxe4 27. Bxe6+ Kh8 28. Rd2 exd3 29. Bc4 Rc5 30. Bxd3 Rd8 31. Rdd1 Rxc1 0-1